 Dungeon Crawl Stone Soup version 0.19-a0-1714-gcab94ab (webtiles) character file.

15801 kae the Fencer (level 12, -1/97 HPs)
             Began as a Minotaur Fighter on Sept 28, 2016.
             Was a High Priest of Makhleb.
             Slain by a spiny frog (14 damage)
             ... on level 1 of the Lair of Beasts.
             The game lasted 00:14:40 (12034 turns).

kae the Fencer (Minotaur Fighter)                  Turns: 12034, Time: 00:14:41

Health: -1/97      AC: 17    Str: 27    XL:     12   Next: 4%
Magic:  13/13      EV: 10    Int:  7    God:    Makhleb [*****.]
Gold:   862        SH:  0    Dex: 10    Spells: 0 memorised, 11 levels left

rFire  . . .     SeeInvis .     a - +4 triple sword (protect)
rCold  . . .     Gourm    .     J - +0 scale mail
rNeg   . . .     Faith    +     (shield currently unavailable)
rPois  +         Spirit   .     (helmet restricted)
rElec  .         Dismiss  .     (no cloak)
rCorr  .         Reflect  .     i - +1 pair of gloves
MR     .....     Harm     .     (no boots)
Stlth  ..........               y - amulet of faith
                                w - +3 ring of strength
                                I - ring of poison resistance

@: protection aura
A: retaliatory headbutt, horns 2
a: Minor Destruction, Lesser Servant of Makhleb, Major Destruction, Greater
Servant of Makhleb, Renounce Religion


You were on level 1 of the Lair of Beasts.
You worshipped Makhleb.
Makhleb was extremely pleased with you.
You were hungry.

You visited 3 branches of the dungeon, and saw 13 of its levels.
You also visited: Sewer and Bailey.

You collected 862 gold pieces.

Inventory:

Hand Weapons
 a - a +4 triple sword of protection (weapon)
 b - a +1 scimitar of flaming
 p - a +1 long sword
Armour
 c - a +0 shield
 i - a +1 pair of gloves (worn)
 J - a +0 scale mail (worn)
Jewellery
 s - an uncursed ring of stealth
 w - a +3 ring of strength (right hand)
 y - an amulet of faith (around neck)
 I - a ring of poison resistance (left hand)
 K - an uncursed ring of magical power
Wands
 A - a wand of iceblast (0/15)
 C - a wand of lightning (0/15)
 G - a wand of polymorph (12/24)
 O - a wand of flame (29/48)
Scrolls
 g - 3 scrolls of enchant weapon
 j - 10 scrolls of identify
 q - 3 scrolls of blinking
 r - 5 scrolls of remove curse
 t - a scroll of teleportation
 u - 4 scrolls of recharging
 x - a scroll of fog
 B - a scroll of amnesia
 N - a scroll of fear {unknown}
Potions
 d - a potion of might
 e - 4 potions of curing
 k - 2 potions of magic
 m - 3 potions of heal wounds
 n - a potion of experience {unknown}
 v - 3 potions of berserk rage
 z - 2 potions of degeneration {unknown}
 D - a potion of mutation {unknown}
 E - 2 potions of lignification {unknown}
 F - a potion of flight {unknown}
 H - a potion of ambrosia {unknown}
 M - a potion of resistance {unknown}
Comestibles
 f - 7 bread rations
 h - 3 slices of pizza
 l - 5 beef jerkies
 o - 5 meat rations


   Skills:
 + Level 6.3 Fighting
 * Level 20.3 Long Blades
 - Level 3.6 Armour
 - Level 3.6 Shields
 + Level 3.3 Invocations


You had 11 spell levels left.
You didn't know any spells.

Dungeon Overview and Level Annotations

Branches:
Dungeon (11/15)            Temple (1/1) D:7            Lair (1/6) D:10
    Orc (0/2) D:10

Altars:
Ashenzari
Cheibriados
Dithmenos
Elyvilon
Fedhas
Gozag
Hepliaklqana
Kikubaaqudgha
Makhleb
Nemelex Xobeh
Okawaru
Qazlal
Ru
Sif Muna
Trog
Uskayaw
Vehumet
Xom
Yredelemnul
Zin
The Shining One

Shops:
D:8 %


Innate Abilities, Weirdness & Mutations

You reflexively headbutt those who attack you in melee.
You have a pair of horns on your head.


Message History

The spiny frog is moderately wounded.
The spiny frog stings you but does no damage.
You barely miss the spiny frog.
The spiny frog is moderately wounded.
The spiny frog stings you!
* * * LOW HITPOINT WARNING * * *
Unknown command.
You are too injured to fight recklessly!
You are too injured to fight recklessly!
You are too injured to fight recklessly!
You are too injured to fight recklessly!
Unknown command.
You barely miss the spiny frog. You headbutt the spiny frog.
The spiny frog is moderately wounded.
The spiny frog stings you!
* * * LOW HITPOINT WARNING * * *
You hit the spiny frog but do no damage.
The spiny frog is moderately wounded.
The spiny frog closely misses you. The spiny frog stings you!
You die...

................
##.............
#..............
##............. ..
##.....##....... .r..
#...).####...... .....
##†...## ##.....
.....#####.....## ##....
.......@........# ###.#
......F.†.......# ####.#
........†.......###.##.#
.......................#
.....(..............#..#
....................#..P
....)...............#..#
................##.#...#
.................##...#


You could see a spiny frog.

Vanquished Creatures
  A hydra (D:8)
  Erica (D:8)
  An unseen horror (D:11)
  3 hill giants
  An ugly thing (D:10)
  A spiny frog (Lair:1)
  A gargoyle (D:11)
  The ghost of dobroeutro the Cudgeler, a novice GrFi of Okawaru (D:9)
  A komodo dragon (Lair:1)
  A hippogriff (D:8)
  A spriggan (Temple)
  7 yaks (D:10)
  A wraith (D:10)
  2 basilisks
  A wyvern (D:11)
  3 hungry ghosts
  Duvessa (D:7)
  2 water moccasins
  7 porcupines
  2 orc warriors
  2 sky beasts
  5 ice beasts
  4 phantoms
  A black bear (D:8)
  A necrophage (D:9)
  4 ogres
  The ghost of dobroeutro the Insei, an amateur DsMo (D:3)
  4 centaurs
  5 crocodiles
  A big kobold (D:7)
  7 bullfrogs
  A wyvern zombie (D:10)
  9 gnoll sergeants
  Dowan (D:7)
  4 scorpions
  10 killer bees (D:9)
  9 wights
  An electric eel (D:6)
  6 crimson imps
  2 quasits
  A centaur zombie (D:5)
  A bullfrog zombie (D:4)
  5 jellies
  6 hounds
  13 orc wizards
  A bullfrog skeleton (D:11)
  7 orc priests
  10 gnoll shamans
  4 iguanas
  2 centaur skeletons
  9 worker ants
  A killer bee zombie (D:10)
  2 hound skeletons
  59 gnolls
  13 river rats
  9 adders
  2 shadow imps
  An adder zombie (D:7)
  3 adder skeletons
  2 worms
  2 dart slugs (D:2)
  A leopard gecko (D:4)
  30 orcs
  4 bats
  10 giant cockroaches
  8 goblins
  7 hobgoblins
  47 jackals
  7 quokkas
  4 ball pythons
  3 frilled lizards
  2 gnoll zombies (D:4)
  16 kobolds
  2 quokka skeletons
  9 rats
  2 plants (Sewer)
422 creatures vanquished.

Vanquished Creatures (others)
  A bush (D:10)
  2 plants
3 creatures vanquished.

Grand Total: 425 creatures vanquished

Notes
Turn   | Place    | Note
-------+----------+-------------------------------------------
     0 | D:1      | kae the Minotaur Fighter began the quest for the Orb.
     0 | D:1      | Reached XP level 1. HP: 19/19 MP: 0/0
   137 | D:1      | Reached skill level 3 in Long Blades
   236 | D:1      | Reached XP level 2. HP: 26/26 MP: 1/1
   747 | D:2      | Reached skill level 4 in Long Blades
   875 | D:2      | Found a faded altar of an unknown god.
   907 | D:2      | Found a glowing golden altar of the Shining One.
  1099 | D:2      | Reached XP level 3. HP: 22/31 MP: 2/2
  1329 | D:3      | Reached skill level 5 in Long Blades
  1417 | D:3      | Found a hazy altar of Hepliaklqana.
  1588 | D:3      | Found a shattered altar of Ashenzari.
  1594 | D:3      | Found a white marble altar of Elyvilon.
  1597 | D:3      | Found a shimmering altar of Xom.
  1796 | D:3      | Noticed dobroeutro's ghost (amateur DsMo)
  1806 | D:3      | Killed dobroeutro's ghost
  1806 | D:3      | Reached skill level 6 in Long Blades
  1806 | D:3      | Reached XP level 4. HP: 28/39 MP: 3/3
  1806 | D:3      | Reached XP level 5. HP: 32/45 MP: 4/4
  2039 | D:3      | Found an iron altar of Okawaru.
  2041 | D:3      | Found a sparkling altar of Nemelex Xobeh.
  2074 | D:3      | You fall through a shaft!
  2193 | D:4      | Found a basalt altar of Yredelemnul.
  2215 | D:4      | Reached skill level 7 in Long Blades
  2508 | D:4      | Noticed a phantom
  2537 | D:4      | Killed a phantom
  2537 | D:4      | Reached skill level 8 in Long Blades
  2537 | D:4      | Reached XP level 6. HP: 50/51 MP: 5/5
  2684 | D:4      | Found a sacrificial altar of Ru.
  2710 | D:4      | Noticed a hungry ghost
  2730 | D:4      | Killed a hungry ghost
  2902 | D:5      | Entered Level 5 of the Dungeon
  2905 | D:5      | Reached skill level 9 in Long Blades
  2910 | D:5      | Found a glowing drain.
  2952 | Sewer    | Entered a sewer
  2987 | Sewer    | Reached XP level 7. HP: 55/57 MP: 6/6
  3583 | D:5      | Reached skill level 10 in Long Blades
  3980 | D:5      | Identified a scroll of acquirement
  4285 | D:6      | Reached skill level 11 in Long Blades
  4285 | D:6      | Reached XP level 8. HP: 66/66 MP: 7/7
  4542 | D:6      | Reached skill level 12 in Long Blades
  4915 | D:6      | Reached skill level 13 in Long Blades
  5630 | D:6      | Reached XP level 9. HP: 68/71 MP: 8/8
  5978 | D:7      | Reached skill level 14 in Long Blades
  6271 | D:7      | Found a staircase to the Ecumenical Temple.
  6289 | Temple   | Entered the Ecumenical Temple
  6381 | Temple   | Became a worshipper of Makhleb the Destroyer
  6651 | D:7      | Reached skill level 15 in Long Blades
  6692 | D:7      | Noticed a hill giant
  6708 | D:7      | Killed a hill giant
  7029 | D:7      | Noticed Dowan
  7030 | D:7      | Noticed Duvessa
  7047 | D:7      | Killed Duvessa
  7048 | D:7      | Killed Dowan
  7048 | D:7      | Reached skill level 16 in Long Blades
  7089 | D:7      | Reached XP level 10. HP: 79/79 MP: 9/9
  7348 | D:7      | Reached * piety under Makhleb
  7539 | D:8      | Noticed a hill giant
  7539 | D:8      | Noticed a four-headed hydra
  7598 | D:8      | Noticed Erica
  7608 | D:8      | Killed Erica
  7681 | D:8      | Found Feuquet's Food Shoppe.
  7687 | D:8      | Reached skill level 17 in Long Blades
  7845 | D:8      | Killed a one-headed hydra
  7845 | D:8      | Reached ** piety under Makhleb
  7966 | D:8      | Found a stormy altar of Qazlal.
  8441 | D:9      | Reached skill level 18 in Long Blades
  9120 | D:9      | Found an ancient bone altar of Kikubaaqudgha.
  9132 | D:9      | Reached *** piety under Makhleb
  9132 | D:9      | Reached XP level 11. HP: 84/84 MP: 10/10
  9255 | D:9      | Noticed dobroeutro's ghost (novice GrFi)
  9260 | D:9      | Killed dobroeutro's ghost
  9411 | D:10     | Entered Level 10 of the Dungeon
  9474 | D:10     | Found a staircase to the Lair.
  9476 | D:10     | Noticed a hill giant
  9489 | D:10     | Killed a hill giant
  9489 | D:10     | Reached skill level 19 in Long Blades
  9505 | D:10     | Reached **** piety under Makhleb
  9553 | D:10     | Found a flagged portal.
  9577 | Bailey   | Entered a bailey
 10196 | D:10     | Reached ***** piety under Makhleb
 10494 | D:10     | Found a staircase to the Orcish Mines.
 10729 | D:10     | Reached skill level 5 in Fighting
 10984 | D:11     | Noticed a hill giant
 10991 | D:11     | Killed a hill giant
 11166 | D:11     | Reached skill level 1 in Invocations
 11170 | D:11     | Reached skill level 20 in Long Blades
 11513 | D:11     | Killed an unseen horror
 11755 | D:10     | Noticed a brown ugly thing
 11763 | D:10     | Killed a brown ugly thing
 11953 | Lair:1   | Entered Level 1 of the Lair of Beasts
 12020 | Lair:1   | Reached XP level 12. HP: 96/96 MP: 13/13
 12034 | Lair:1   | Slain by a spiny frog

Vault maps used:
D:1:      eino_arrival_cavern_d
D:2:      tso_oasis_becter, ecumenical_altar_2
D:3:      minmay_overflow_temple_star_quad, nicolae_overflow_hidden_temple,
          nicolae_overflow_crystal_walls
D:4:      kennysheep_mini, lemuel_zombie_altar_yredelemnul, first_bread
D:5:      portal_sewer_entry_b
D:6:      lemuel_castle_with_subvaults, lightli_minifort
D:7:      the_bakery, uniq_duvessa
D:8:      minmay_bloctagon_deflated, grunt_qazlal_clouds, serial_shops,
          shop_statue, kennysheep_windowed_goal, uniq_erica
D:9:      kiku_gazebo_garden_becter
D:10:     minmay_lair_entry_grove, orc_0_dummy, enter_bailey_3
D:11:     roderic_roman_lattice
Temple:   zaba_magenta_temple
Lair:1:   grunt_forest_large_clearings
Sewer:    sewer_co_scattered_pipes
Bailey:   bailey_polearm_gnolls_kennysheep, bailey

Skill      XL: |  1  2  3  4  5  6  7  8  9 10 11 |
---------------+----------------------------------+-----
Long Blades    | 3 4 6 8 9 11 13 16 18 20 | 20.3
Fighting       | 4 6 |  6.3
Invocations    | 3 |  3.3
Armour         | |  3.6
Shields        | |  3.6

Action                   |  1- 3 |  4- 6 |  7- 9 | 10-12 || total
-------------------------+-------+-------+-------+-------++-------
Melee: Long sword        |   108 |   127 |   100 |       ||   335
       Headbutt          |    11 |    22 |    49 |    87 ||   169
       Triple sword      |       |       |   271 |   510 ||   781
       Scimitar          |       |       |       |     7 ||     7
Evoke: Wand              |       |       |     4 |     2 ||     6
  Use: Potion            |     2 |       |     2 |     1 ||     5
       Scroll            |       |       |     9 |     7 ||    16
  Eat: Chunk             |     3 |     3 |    14 |    12 ||    32
       Bread ration      |       |     1 |       |       ||     1
       Meat ration       |       |       |       |     1 ||     1
       Royal jelly       |       |       |       |     1 ||     1
Armor: Scale mail        |    27 |    40 |   187 |   262 ||   516
Dodge: Dodged            |    31 |    26 |   141 |   261 ||   459
Block: Shield            |    46 |    47 |    32 |       ||   125
